 Dungeon Crawl Stone Soup version 0.23.2-1-ga50397a (webtiles) character file.

Game seed: 16885418948923260834

200 Fang the Skirmisher (level 5, -4/51 HPs)
             Began as a Gargoyle Berserker on Apr 24, 2019.
             Was a Believer of Trog.
             Slain by an ogre
             ... wielding a +0 giant club
              (13 damage)
             ... on level 4 of the Dungeon.
             The game lasted 00:02:31 (2550 turns).

Fang the Skirmisher (Gargoyle Berserker)            Turns: 2550, Time: 00:02:32

Health: -4/51      AC: 13    Str: 26    XL:     5   Next: 79%
Magic:  5/5        EV:  9    Int: 13    God:    Trog [**....]
Gold:   206        SH:  0    Dex:  9    Spells: 4/4 levels left

rFire    . . .     SeeInvis .   a - +0 hand axe
rCold    . . .     Gourm    .   (no shield)
rNeg     + . .     Faith    .   b - +0 chain mail
rPois    ∞         Spirit   .   (no helmet)
rElec    +         Reflect  .   (no cloak)
rCorr    .         Harm     .   (no gloves)
MR       .....                  (no boots)
Stlth    ..........             (no amulet)
HPRegen  0.17/turn              g - +5 ring of intelligence
MPRegen  0.09/turn              (no ring)

@: berserking, very quick
A: negative energy resistance 1, electricity resistance, unbreathing,
petrification resistance, rot immunity, AC +4
a: Berserk, Trog's Hand, Renounce Religion


You were on level 4 of the Dungeon.
You worshipped Trog.
Trog was pleased with you.
You were hungry.

You visited 1 branch of the dungeon, and saw 4 of its levels.

You collected 206 gold pieces.

Inventory:

Hand Weapons
 a - a +0 hand axe (weapon)
Armour
 b - a +0 chain mail (worn)
Jewellery
 g - a +5 ring of intelligence (left hand)
Scrolls
 d - a scroll of magic mapping {unknown}
 f - 5 scrolls of identify {unknown}
 h - 3 scrolls of remove curse {unknown}
 i - 2 scrolls of enchant weapon {unknown}
 k - 2 scrolls of teleportation {unknown}
 m - a scroll of enchant armour {unknown}
 r - a scroll of fog {unknown}
Potions
 e - a potion of haste {unknown}
 j - a potion of invisibility {unknown}
 l - a potion of magic {unknown}
 o - a potion of curing {unknown}
 p - 2 potions of degeneration {unknown}
 q - a potion of might {unknown}
 s - a potion of heal wounds {unknown}
Comestibles
 c - 7 rations
 n - 6 chunks of flesh


   Skills:
 + Level 4.4 Fighting
 + Level 3.6 Axes
 + Level 3.6 Armour
 + Level 2.6 Dodging


You had 4 spell levels left.
You didn't know any spells.
Your spell library was empty.

Dungeon Overview and Level Annotations

Branches:
Dungeon (4/15)
 Temple: D:4-7

Altars:
Vehumet


Innate Abilities, Weirdness & Mutations

You are resistant to torment.
Your stone body is resilient. (AC +4)
You are immune to poison.
You resist negative energy. (rN+)
You are resistant to electric shocks. (rElec)
You can survive without breathing.
You are immune to petrification.
You are immune to rotting.


Message History

You are too injured to fight recklessly!
You are too injured to fight recklessly!
You are too injured to fight recklessly!
You are too injured to fight recklessly!
You are too injured to fight recklessly!
A red film seems to cover your vision as you go berserk!
You feel yourself moving faster!
You feel mighty!
You are feeling hungry.
The quokka twitches its whiskers.
The ogre hits you with a +0 giant club.
* * * LOW HITPOINT WARNING * * *
You slash the ogre!
The ogre is almost dead.
You slash the jackal skeleton!
You destroy the jackal skeleton!
Trog accepts your kill.
You barely miss the ogre.
The ogre is almost dead.
The ogre hits you with a +0 giant club!
You die... . ## ... .#. # .. #.. ## #.#.. #.# or.

. ###
#.#####O##(..#
..###....@.......
#.#.#####.###...
#.######.#
#..<.....#
##########


You could see an ogre, an orc and a quokka.

Vanquished Creatures
  2 orc wizards (D:3)
  3 adders
  4 gnolls (D:3)
  An ooze (D:1)
  A worm (D:2)
  2 dart slugs
  8 orcs (D:3)
  A ball python (D:1)
  8 bats
  A giant cockroach (D:1)
  6 goblins
  9 hobgoblins
  4 jackals (D:2)
  4 frilled lizards
  A jackal skeleton (D:4)
  10 kobolds
  6 rats
71 creatures vanquished.

Notes
Turn   | Place    | Note
-------+----------+-------------------------------------------
     0 | D:1      | Fang the Gargoyle Berserker began the quest for the Orb.
     0 | D:1      | Reached XP level 1. HP: 14/14 MP: 1/1
    63 | D:1      | Reached XP level 2. HP: 6/19 MP: 2/2
   481 | D:1      | Reached XP level 3. HP: 19/24 MP: 3/3
  1095 | D:2      | Reached ** piety under Trog
  1480 | D:2      | Found a radiant altar of Vehumet.
  1516 | D:2      | Reached XP level 4. HP: 26/29 MP: 4/4
  1795 | D:3      | Reached skill level 4 in Fighting
  1847 | D:3      | HP: 1/29 [something/magic dart (4)]
  1879 | D:3      | Reached XP level 5. HP: 13/33 MP: 5/5
  2543 | D:4      | Noticed an ogre
  2550 | D:4      | Slain by an ogre

Skill      XL: |  1  2  3  4 |
---------------+-------------+-----
Axes           | 3 |  3.6
Dodging        | 2 |  2.6
Armour         | 3 |  3.6
Fighting       | 4 |  4.4

Action                   |  1- 3 |  4- 6 || total
-------------------------+-------+-------++-------
Melee: Hand axe          |   113 |   154 ||   267
Invok: Berserk           |     2 |     2 ||     4
       Trog's Hand       |       |     1 ||     1
 Stab: Sleeping          |     1 |       ||     1
  Eat: Chunk             |     4 |     5 ||     9
Armor: Animal skin       |    36 |       ||    36
       Chain mail        |    25 |   131 ||   156
Dodge: Dodged            |    72 |    69 ||   141
